 Dungeon Crawl Stone Soup version 0.25.0-9-g26727b657a (webtiles) character file.

Game seed: 6924549128901220421

2016 xccam the Cleaver (level 9, -4/64 HPs)
             Began as a Formicid Fighter on June 18, 2020.
             Slain by an ogre mage
             ... wielding a +0 halberd of protection
              (8 damage)
             ... on level 6 of the Dungeon.
             The game lasted 00:10:21 (6808 turns).

xccam the Cleaver (Formicid Fighter)                Turns: 6808, Time: 00:10:25

Health: -4/64      AC: 12    Str: 24    XL:     9   Next: 46%
Magic:  0/9        EV:  6    Int:  8    God:
Gold:   236        SH: 11    Dex: 10    Spells: 8/8 levels left

rFire    + . .     SeeInvis +   v - +1 battleaxe (flame)
rCold    + . .     Gourm    .   c - +0 kite shield
rNeg     . . .     Faith    .   p - +0 plate armour
rPois    +         Spirit   +   (helmet unavailable)
rElec    +         Reflect  .   (no cloak)
rCorr    +         Harm     .   t - +0 pair of gloves
MR       .....                  (no boots)
Stlth    ..........             l - amulet of guardian spirit
HPRegen  0.20/turn              a - ring of wizardry
MPRegen  0.11/turn              (no ring)

@: resistant
A: permanent stasis, dig shafts and tunnels, four strong arms, antennae 3
a: Dig, Shaft Self


You were on level 6 of the Dungeon.
You were not hungry.

You visited 2 branches of the dungeon, and saw 7 of its levels.

You collected 278 gold pieces.
You spent 42 gold pieces at shops.

Inventory:

Hand Weapons
 v - a +1 battleaxe of flaming (weapon)
Armour
 c - a +0 kite shield (worn)
 p - a +0 plate armour (worn)
 t - a +0 pair of gloves (worn)
Jewellery
 a - a ring of wizardry (left hand)
 l - an amulet of guardian spirit (around neck)
Wands
 u - a wand of random effects (30)
Scrolls
 g - 3 scrolls of immolation
 i - a scroll of identify
 j - 4 scrolls of remove curse
 k - 2 scrolls of fog
Potions
 h - a potion of brilliance
 o - a potion of ambrosia
Comestibles
 f - 11 rations


   Skills:
 - Level 3.2 Fighting
 + Level 9.9 Axes
 - Level 3.2 Armour
 - Level 9.0 Shields


You had 8 spell levels left.
You didn't know any spells.
Your spell library contained the following spells:

 Spells                   Type           Power        Failure   Level  Hunger
 Poisonous Vapours        Pois/Air       #.....       98%         2    ###....
 Conjure Flame            Conj/Fire      #.......     100%        3    ####...
 Mephitic Cloud           Conj/Pois/Air  #.......     100%        3    ####...
 Freezing Cloud           Conj/Ice/Air   #.........   100%        6    #######
 Ring of Flames           Chrm/Fire      #.........   100%        7    #######


Dungeon Overview and Level Annotations

Branches:
Dungeon (6/15)             Temple (1/1) D:6

Altars:
Ashenzari
Cheibriados
Dithmenos
Elyvilon
Fedhas
Gozag
Hepliaklqana
Kikubaaqudgha
Makhleb
Nemelex Xobeh
Okawaru
Qazlal
Ru
Trog
Uskayaw
Vehumet
Wu Jian
Xom
Yredelemnul
Zin
The Shining One
Jiyva

Shops:
D:4 !   D:5 ?

Annotations:
D:6 1 transporter


Innate Abilities, Weirdness & Mutations

You cannot be hasted, slowed, berserked, paralysed or teleported.
You can dig through walls and to a lower floor.
Your four strong arms can wield two-handed weapons with a shield.
You have a pair of large antennae on your head. (SInv)


Message History

Unknown command.
You feel better. You block the ogre mage's attack.
Unknown command.
You closely miss the ogre mage. You block the ogre mage's attack.
The ogre mage closely misses you.
Unknown command.
You hit the ogre mage but do no damage.
The ogre mage hits you with a +0 halberd of protection!
* * * LOW HITPOINT WARNING * * *
Unknown command.
You feel better.
The ogre mage hits you with a +0 halberd of protection!
* * * LOW HITPOINT WARNING * * *
It was a potion of resistance.
You feel protected.
The ogre mage is no longer moving quickly.
The ogre mage hits you with a +0 halberd of protection!
* * * LOW HITPOINT WARNING * * *
The ogre mage hits you with a +0 halberd of protection!
You die...

.......................###.## #
...)...########............# #
.......# #............######
.......# ####...|..............
.......#####..................###
##.....(........©..........##.# #
...#######..#########...##..#.# #
......####.##8..O..8##.####...# #
#####....<.#...†@....#.###....###
########...#.#.†©..#.#.....#....#
.........#.#..#...#..#.######.#.'
##########.#........©#......(.###
#.#..#...#..#..#####...#
#.#.#.....#.#..# ###.#
#.#..$$$$)..#..# #.#
#.##8$___$8##..# #..
#..#########...# ###


You could see an ogre mage.

Vanquished Creatures
  Maggie (D:6)
  Sigmund (D:5)
  An orc warrior (D:6)
  An ice beast (D:6)
  2 sky beasts
  2 necrophages
  An ogre (D:4)
  2 bullfrogs (D:6)
  A scorpion (D:4)
  3 hounds
  3 orc priests
  A bullfrog skeleton (D:4)
  2 worker ants
  2 iguanas (D:6)
  5 orc wizards (D:4)
  A hound skeleton (D:5)
  A mummy (D:6)
  2 worker ant zombies
  17 adders
  2 adder zombies
  A dart slug (D:2)
  5 worms
  9 leopard geckos
  15 orcs
  5 giant cockroaches
  7 goblins
  8 hobgoblins
  7 jackals (D:3)
  3 quokkas
  9 bats
  7 frilled lizards
  A giant cockroach zombie (D:6)
  8 kobolds
  16 rats
152 creatures vanquished.

Vanquished Creatures (others)
  A quokka (D:6)
1 creature vanquished.

Grand Total: 153 creatures vanquished

Notes
Turn   | Place    | Note
-------+----------+-------------------------------------------
     0 | D:1      | xccam the Formicid Fighter began the quest for the Orb.
     0 | D:1      | Reached XP level 1. HP: 18/18 MP: 1/1
   129 | D:1      | Reached XP level 2. HP: 22/24 MP: 2/2
   585 | D:2      | Reached XP level 3. HP: 21/29 MP: 0/3
   736 | D:2      | Reached XP level 4. HP: 17/35 MP: 4/4
  1396 | D:2      | Reached XP level 5. HP: 35/41 MP: 5/5
  1697 | D:2      | Reached skill level 5 in Axes
  2253 | D:3      | Reached XP level 6. HP: 10/47 MP: 2/6
  2941 | D:3      | Found a burning altar of Makhleb.
  3199 | D:4      | Found Kyomusuh's Distillery.
  3218 | D:4      | Bought a potion of curing for 42 gold pieces
  3280 | D:4      | HP: 2/47 [poisoned by a scorpion]
  3815 | D:4      | Noticed an ogre
  3825 | D:4      | HP: 2/47 [ogre/+0 giant club (17)]
  3827 | D:4      | Killed an ogre
  3827 | D:4      | Reached XP level 7. HP: 2/52 MP: 1/7
  4408 | D:4      | Found a bloodstained altar of Trog.
  4619 | D:4      | Reached skill level 5 in Shields
  4761 | D:4      | Found a shadowy altar of Dithmenos.
  4768 | D:4      | Found a hide-covered altar of Uskayaw.
  5165 | D:5      | Entered Level 5 of the Dungeon
  5167 | D:5      | Found an opulent altar of Gozag.
  5300 | D:5      | Noticed Sigmund
  5303 | D:5      | Killed Sigmund
  5303 | D:5      | Reached XP level 8. HP: 56/58 MP: 8/8
  5466 | D:5      | Found Amaowots's Magic Scroll Shop.
  5515 | D:5      | Found a shimmering altar of Xom.
  5727 | D:6      | Found a white marble altar of Elyvilon.
  5813 | D:6      | Noticed Maggie
  5826 | D:6      | Killed Maggie
  5907 | D:6      | Reached XP level 9. HP: 20/64 MP: 4/9
  6175 | D:6      | Found a transporter.
  6176 | D:6      | Found a transporter.
  6177 | D:6      | Noticed an ogre mage
  6178 | D:6      | Found a snail-covered altar of Cheibriados.
  6178 | D:6      | Found a sparkling altar of Nemelex Xobeh.
  6179 | D:6      | Found a sacrificial altar of Ru.
  6250 | D:6      | Found a staircase to the Ecumenical Temple.
  6265 | Temple   | Entered the Ecumenical Temple
  6808 | D:6      | Slain by an ogre mage

Illustrated notes

Levels and vault maps discovered:
D:1:      tarquinn_simple_flora_water_c, layout_rooms
D:2:      kb_forest_paths, layout_loops_ring, minmay_rat_gold_closets
D:3:      layout_loops_ring, makhleb_blood_cavern_becter, first_ration
D:4:      layout_basic, old_standard_altar, amethyst_overflow_temple_binary,
          serial_shops, kennysheep_little_box
D:5:      layout_loops_cross, grunt_temple_overflow_open, serial_shops,
          shop_scrolls, uniq_sigmund
D:6:      layout_rooms, elyvilon_altar_4, gammafunk_temple_overflow_arena,
          minmay_temple_entry_hall, gup_ossuary_entry_pyramid,
          chequers_serial_rivers_large_b, kennysheep_generic_room_9, uniq_maggie
Temple:   pf_slime_end_temple

Skill      XL: |  1  2  3  4  5  6  7  8  9 |
---------------+----------------------------+-----
Axes           | 3 4 5 7 8 9 |  9.9
Shields        | 5 7 9 |  9.0
Fighting       | |  3.2
Armour         | |  3.2

Action                   |  1- 3 |  4- 6 |  7- 9 || total
-------------------------+-------+-------+-------++-------
Melee: War axe           |    54 |   267 |    82 ||   403
       Battleaxe         |       |       |   138 ||   138
Evoke: Wand              |       |       |     7 ||     7
  Use: Scroll            |       |     4 |     9 ||    13
       Potion            |       |     3 |     8 ||    11
 Stab: Invisible         |       |       |     1 ||     1
  Eat: Chunk             |       |     9 |     9 ||    18
       Ration            |       |       |     1 ||     1
Armor: Scale mail        |    21 |   109 |    37 ||   167
       Plate armour      |       |       |    69 ||    69
Dodge: Dodged            |    26 |    71 |    66 ||   163
Block: Kite shield       |    24 |   122 |   146 ||   292
